Map: Orbital Shipyard

Players

ShoWTimE - Winner!

  • Race: Protoss Protoss

AcerBly (Bly)

  • Race: Zerg Zerg

Event: DreamHack ROCCAT LotV Championship

VOD

Have the link to the VOD?

Description

Time

  • Played on: Nov. 27, 2015, 10:04 a.m.
  • Length: 8:36

All games in this series

Show
View Real Time Build Order
Export as new Build Order

ShoWTimE Protoss - Winner!

Build Orders: Nexus First 

Get SALT Encoding   

  12  0:00  Probe (Chrono Boost)  
  13  0:11  Probe (Chrono Boost)  
  14  0:18  Pylon  
  14  0:22  Probe (Chrono Boost)  
  15  0:36  Probe (Chrono Boost)  
  16  0:46  Probe (Chrono Boost)  
  17  1:00  Nexus  
  17  1:10  Gateway  
  17  1:13  Probe (Chrono Boost)  
  18  1:22  Assimilator  
  18  1:23  Probe (Chrono Boost)  
  19  1:29  Assimilator  
  19  1:34  Probe (Chrono Boost)  
  20  1:40  Gateway  
  20  1:45  Probe (Chrono Boost)  
  21  1:55  Probe (Chrono Boost)  
  21  1:57  Cybernetics Core  
  22  2:06  Probe (Chrono Boost)  
  23  2:12  Probe (Chrono Boost)  
  24  2:16  Probe (Chrono Boost)  
  25  2:23  Probe (Chrono Boost)  
  25  2:27  Probe (Chrono Boost)  
  27  2:33  Probe (Chrono Boost), Adept (Chrono Boost)  
  27  2:34  Stalker (Chrono Boost)  
  32  2:37  Probe, Warp Gate  
  33  2:45  Probe, Pylon  
  33  2:49  Probe  
  35  2:57  Probe (Chrono Boost), Pylon  
  36  3:03  Probe (Chrono Boost)  
  36  3:10  Probe (Chrono Boost), Pylon  
  37  3:15  Mothership Core (Chrono Boost)  
  37  3:17  Twilight Council  
  39  3:21  Probe (Chrono Boost)  
  39  3:22  Adept  
  42  3:30  Adept  
  42  3:32  Probe (Chrono Boost), Pylon  
  42  3:33  Probe (Chrono Boost)  
  46  3:42  Probe (Chrono Boost)  
  46  3:43  Probe (Chrono Boost)  
  48  3:48  Resonating Glaives (Chrono Boost), Robotics Facility  
  48  3:51  Assimilator  
  48  3:52  Probe (Chrono Boost)  
  48  3:53  Probe (Chrono Boost)  
  50  3:57  Assimilator  
  50  4:03  Probe  
  50  4:04  Probe  
  52  4:10  Gateway  
  52  4:11  Gateway  
  52  4:13  Probe  
  52  4:16  Probe  
  54  4:24  Probe  
  54  4:28  Probe  
  56  4:33  Nexus  
  56  4:36  Probe, Pylon  
  57  4:41  Warp Prism (Chrono Boost)  
  60  4:45  Probe  
  60  4:48  Probe  
  60  4:50  Forge  
  61  4:55  Sentry x2, Pylon  
  61  4:58  Probe  
  66  5:03  Probe  
  66  5:05  Pylon  
  66  5:06  Blink  
  67  5:10  Probe  
  67  5:13  Observer (Chrono Boost)  
  69  5:22  Gateway x2  
  69  5:27  Protoss Ground Weapons Level 1 (Chrono Boost)  
  69  5:30  Photon Cannon  
  69  5:41  Adept x4  
  77  5:46  Gateway  
  77  5:54  Pylon  
  77  5:58  Pylon  
  77  6:03  Stalker x3  
  83  6:09  Stalker  
  79  6:40  Adept x4  
  79  6:41  Adept x2  
  79  6:42  Probe  
  79  6:43  Probe  
  79  6:44  Probe  
  79  6:45  Pylon  
  94  6:50  Stalker  
  96  6:54  Probe  
  97  7:01  Stalker x3  
  97  7:02  Stalker, Adept x2  
  105  7:17  Adept  
  103  7:24  Probe  
  103  7:25  Probe x2  
  104  7:30  Stalker x6  
  114  7:37  Probe  
  114  7:39  Probe x2  
  99  7:53  Adept x2  
  99  7:54  Adept x5  
  109  7:58  Probe x2  
  111  8:05  Probe  
  111  8:09  Assimilator  
  111  8:10  Probe  
  113  8:14  Assimilator  
  113  8:15  Adept x5, Pylon  
  113  8:16  Adept  
  113  8:19  Pylon  
  125  8:20  Pylon  
  125  8:24  Pylon  
Show
View Real Time Build Order
Export as new Build Order

AcerBly Zerg 

Build Orders: Hatch First, Lurkers 

Get SALT Encoding   

  12  0:00  Drone  
  13  0:12  Overlord  
  13  0:17  Drone  
  14  0:30  Drone x2  
  14  0:34  Drone  
  17  0:53  Drone  
  18  0:59  Hatchery  
  17  1:09  Spawning Pool  
  16  1:20  Drone x3  
  19  1:41  Hatchery  
  18  1:50  Overlord  
  18  1:56  Queen  
  18  2:00  Zergling x2  
  21  2:03  Zergling x2  
  22  2:12  Queen  
  24  2:16  Drone  
  25  2:25  Drone x3  
  28  2:35  Queen  
  30  2:37  Drone  
  30  2:43  Drone x2  
  33  2:49  Drone x2  
  35  2:53  Overlord  
  34  3:07  Drone x4  
  34  3:08  Drone  
  34  3:10  Extractor x2  
  37  3:16  Drone x2  
  39  3:24  Queen  
  39  3:25  Overlord  
  39  3:26  Drone x3  
  44  3:28  Drone  
  44  3:32  Drone  
  44  3:33  Drone  
  47  3:36  Drone  
  48  3:41  Drone  
  48  3:42  Overlord  
  48  3:46  Overlord  
  49  3:52  Drone  
  49  3:53  Overlord  
  49  3:54  Overlord  
  50  4:01  Drone x4  
  50  4:02  Drone x2  
  56  4:09  Lair  
  56  4:13  Drone x5  
  60  4:20  Overlord  
  60  4:23  Metabolic Boost, Extractor  
  60  4:24  Extractor  
  58  4:26  Drone x2  
  58  4:30  Drone x3  
  63  4:37  Drone x6  
  69  4:38  Spore Crawler  
  69  4:39  Drone  
  69  4:42  Drone  
  70  4:46  Queen  
  70  4:48  Drone  
  70  4:49  Drone  
  70  4:50  Zergling x2  
  70  4:51  Zergling x6  
  78  4:58  Drone  
  78  4:59  Extractor  
  78  5:01  Extractor  
  78  5:02  Spore Crawler x2  
  78  5:03  Drone x2  
  78  5:04  Drone  
  78  5:07  Roach Warren  
  78  5:13  Overseer  
  77  5:18  Drone x2  
  77  5:19  Drone x3  
  77  5:21  Overlord  
  82  5:23  Overlord, Hydralisk Den  
  82  5:27  Overlord  
  81  5:31  Overlord  
  81  5:44  Hatchery  
  81  5:47  Drone x4  
  84  5:50  Evolution Chamber  
  84  5:52  Evolution Chamber  
  84  5:55  Lurker Den  
  82  6:02  Infestation Pit  
  81  6:04  Hydralisk x8  
  95  6:19  Zerg Ground Armor Level 1  
  95  6:20  Zerg Melee Weapons Level 1  
  95  6:21  Drone  
  95  6:22  Drone x7  
  95  6:23  Drone  
  101  6:29  Overlord  
  101  6:32  Drone  
  97  6:33  Overlord  
  96  6:42  Overlord  
  96  6:46  Hydralisk x6  
  108  7:00  Hydralisk x4  
  116  7:02  Overlord  
  112  7:12  Hatchery  
  89  7:22  Hydralisk  
  89  7:23  Hydralisk x7  
  89  7:25  Lurker x3  
  89  7:27  Zergling x2  
  98  7:36  Hydralisk x3  
  73  7:53  Hydralisk x5  
  66  7:59  Hydralisk  
  66  8:03  Hydralisk  
  69  8:07  Hydralisk  
  69  8:08  Hydralisk  
  69  8:17  Zergling x2  
  70  8:27  Lurker  

Tags
 
Add a new tag
Caveats
  • Supply blocks, unpowered buildings, or Contaminate may cause inaccurate times.
  • Supply counts are checked every 10 seconds.